 Dungeon Crawl Stone Soup version 0.27.1-3-gb3d3a73c9e (webtiles) character file.

Game seed: 3117385665487452327

94 horus123 the Firebug (level 4, -3/24 HPs)
             Began as a Deep Elf Fire Elementalist on Oct 30, 2021.
             Killed by nerve-wracking pain
             ... invoked by Grinder
              (8 damage)
             ... on level 3 of the Dungeon.
             The game lasted 00:07:52 (2950 turns).

horus123 the Firebug (Deep Elf Fire Elementalist)   Turns: 2950, Time: 00:07:52

Health: -3/24      AC:  3    Str:  5    XL:     4   Next: 38%
Magic:  8/11       EV: 12    Int: 21    God:
Gold:   102        SH:  0    Dex: 15    Spells: 3/10 levels left

rFire    . . .     SeeInvis .   (no weapon)
rCold    . . .     Faith    .   (no shield)
rNeg     . . .     Spirit   .   a - +0 robe
rPois    .         Reflect  .   (no helmet)
rElec    .         Harm     .   (no cloak)
rCorr    .         Rampage  .   (no gloves)
Will     .....                  f - +0 pair of boots
Stlth    ++........             (no amulet)
HPRegen  0.08/turn              h - ring of flight
MPRegen  0.12/turn              (no ring)

@: flying
A: no striking features
a: no special abilities


You were on level 3 of the Dungeon.
You visited 1 branch of the dungeon, and saw 3 of its levels.

You collected 102 gold pieces.

Inventory:

Armour
 a - a +0 robe (worn)
 f - a +0 pair of boots (worn)
Jewellery
 h - a ring of flight (left hand)
Scrolls
 e - a scroll of immolation
 g - a scroll of amnesia
Potions
 b - a potion of cancellation {unknown}
 c - a potion of might {unknown}
 d - 2 potions of degeneration


   Skills:
 - Level 2.4 Dodging
 - Level 2.7 Stealth
 - Level 3.9 Spellcasting
 - Level 2.2 Conjurations
 - Level 3.0 Hexes
 + Level 3.9 Fire Magic


You had 3 spell levels left.
You knew the following spells:

 Your Spells              Type           Power      Damage    Failure   Level
a - Foxfire               Conj/Fire      68%        2x1d7     3%          1
b - Conjure Flame         Conj/Fire      17%        6-21      11%         3
c - Inner Flame           Hex/Fire       18%        N/A       9%          3

Your spell library contained the following spells:

 Spells                   Type           Power      Damage    Failure   Level
 Sticky Flame             Conj/Fire      17%        2d4       34%         4
 Fireball                 Conj/Fire      8%         3d6       67%         5
 Freezing Cloud           Conj/Ice/Air   3%         6-21      94%         5
 Simulacrum               Ice/Necr       2%         N/A       100%        6
 Polar Vortex             Ice            2%         N/A       100%        9


Dungeon Overview and Level Annotations

Branches:
Dungeon (3/15)

Altars:

Annotations:
D:3 Grinder


Message History

The foxfire hits the hobgoblin but does no damage. x2
The foxfire hits the hobgoblin.
The hobgoblin is almost dead.
The foxfire hits the hobgoblin but does no damage.
The hobgoblin is almost dead.
You conjure some foxfire!
The hobgoblin completely misses you.
Your foxfire dissipates!
The foxfire hits the hobgoblin.
You kill the hobgoblin!
You conjure some foxfire!
Your foxfire dissipates!
You see here a hobgoblin corpse.
Grinder comes into view.
As you read the scroll labelled ZESSIGH QOTA, it crumbles to dust.
You feel aware of your surroundings.
It was a scroll of magic mapping.
Grinder shouts!
You conjure some foxfire!
Grinder blinks!
You conjure some foxfire!
The foxfire hits Grinder.
Grinder is lightly wounded.
Grinder hits you.
You conjure some foxfire!
The foxfire hits Grinder but does no damage.
Grinder is lightly wounded.
Grinder gestures at you. You resist with significant effort.
You conjure some foxfire!
The foxfire hits Grinder but does no damage.
Grinder is lightly wounded.
Grinder gestures at you.
You suddenly lose the ability to move!
The foxfire hits Grinder.
Grinder is moderately wounded.
Grinder hits you. Grinder hits you!
You writhe in agony.
* * * LOW HITPOINT WARNING * * *
You can move again.
Okay, then.
Grinder gestures at you. Pain shoots through your body!
You die...

*,,* ###.#..#.# #..*
###...#....# #..#
#...#####..## #..#
#.#...#...... #..#
#.###.#.##### #..# #.#
#...# #..# #.# ##.##
#..########.####.#
#...5.@..........#
##.########.####.#####
#.# #.###.....(## #.#
#....†.......
#.#############.######
#...............#
#################


You could see Grinder.

Vanquished Creatures
  2 adders
  A worm (D:2)
  A dart slug (D:1)
  9 ball pythons
  10 bats
  3 endoplasms
  A giant cockroach (D:1)
  4 goblins
  4 hobgoblins
  7 jackals
  13 kobolds
  2 quokkas (D:2)
  5 frilled lizards
  6 rats
68 creatures vanquished.

Vanquished Creatures (others)
  241 foxfires
  8 plants (D:1)
249 creatures vanquished.

Grand Total: 317 creatures vanquished

Notes
Turn   | Place    | Note
-------+----------+-------------------------------------------
     0 | D:1      | horus123 the Deep Elf Fire Elementalist began the quest for
                  | the Orb.
     0 | D:1      | Reached XP level 1. HP: 10/10 MP: 6/6
   241 | D:1      | Reached XP level 2. HP: 15/15 MP: 5/8
   404 | D:1      | Found a faded altar of an unknown god.
   638 | D:1      | Reached XP level 3. HP: 19/19 MP: 5/10
   718 | D:1      | Learned a level 3 spell: Conjure Flame
   722 | D:1      | Learned a level 3 spell: Inner Flame
   988 | D:1      | Reached skill level 1 in Hexes
  1697 | D:2      | Reached XP level 4. HP: 23/24 MP: 6/11
  2938 | D:3      | Noticed Grinder
  2944 | D:3      | Paralysed by Grinder for 3 turns
  2950 | D:3      | Killed from afar by Grinder

Illustrated notes

Levels and vault maps discovered:
D:1:      noname_arrival_rooms_in_the_neighbourhood, layout_basic,
          hellmonk_ecumenical_altar_pennies_from_heaven, lexackson_kobold_supper
D:2:      layout_rooms, serial_park_tiny_2, uniq_crazy_yiuf_cottage
D:3:      layout_loops_ring, uniq_grinder, uniq_ijyb

Skill      XL: |  1  2  3  4 |
---------------+-------------+-----
Hexes          | 2 3 |  3.0
Conjurations   | 2 |  2.2
Dodging        | |  2.4
Stealth        | |  2.7
Spellcasting   | |  3.9
Fire Magic     | |  3.9

Action                   |  1- 3 |  4- 6 || total
-------------------------+-------+-------++-------
 Cast: Foxfire           |   110 |    48 ||   158
       Conjure Flame     |     1 |     3 ||     4
  Use: Scroll            |     4 |     2 ||     6
Armor: Robe              |     5 |     1 ||     6
Dodge: Dodged            |    28 |     9 ||    37
